cohdb
Replays
Latest Replays
All Replays
Popular Replays
Top Player Replays
Match Explorer
How It Works
Community
CoH3 Stats
Reddit
Sign in to upload your games and track your stats! →
Sign in with Steam
Match 45225083
Unlisted
Match 45225083
Overview
Messages
Build Orders
End
Construct Infanterie Kompanie
Pioneer Squad
Selects Breakthrough Battlegroup
Grenadier Squad
Selects Assault Grenadiers
Grenadier Squad
MG 42 Machine Gun Team
Grenadier Squad
Selects Breakthrough
Infanterie Officer Quarters
GrW 34 Mortar Team
Selects Rapid Production
Construct Luftwaffe Kompanie
Jäger Squad
Support Elements
Wirbelwind Flakpanzer
Jäger Squad
Selects Blitzkrieg
Construct Panzer Kompanie
Construct Panzergrenadier Kompanie
Pak 40 Anti-tank Gun Team
Nebelwerfer 42 Rocket Launcher Team
Medical Bunker
Pak 40 Anti-tank Gun Team
Pioneer Squad
251 Medium Carrier
Selects Tiger Heavy Tank
Breakthrough
Pioneer Squad
Breakthrough
pagep
7k this year for sure
schuperman
403671774
0
0
Comments
sign in to comment!
No comments posted yet!